 Dungeon Crawl Stone Soup version 0.24-a0-639-gb70a11d811 (webtiles) character file.

Game seed: 13896997651587140530, levelgen mode: deterministic

9359 Kohma the Nimble (level 11, 0/82 HPs)
             Began as a Halfling Hunter on Sept 21, 2019.
             Was a High Priest of Okawaru.
             Slain by a vampire (5 damage)
             ... on level 10 of the Dungeon.
             The game lasted 00:44:37 (13017 turns).

Kohma the Nimble (Halfling Hunter)                 Turns: 13017, Time: 00:44:37

Health: 0/82       AC:  8    Str: 16    XL:     11   Next: 72%
Magic:  11/11      EV: 23    Int:  4    God:    Okawaru [*****.]
Gold:   565        SH:  0    Dex: 19    Spells: 10/10 levels left

rFire    + . .     SeeInvis .   a - +1 fustibalus
rCold    . . .     Gourm    .   (shield restricted)
rNeg     . . .     Faith    .   H - +0 ring mail "Nualuip" {rPois rF+ Int-5 Stlth+}
rPois    +         Spirit   .   (no helmet)
rElec    .         Reflect  .   o - +0 cloak
rCorr    .         Harm     .   t - +1 pair of gloves
MR       +....     Rnd*Rage +   (no boots)
Stlth    +.........             (no amulet)
HPRegen  0.23/turn              I - +3 ring of strength
MPRegen  0.12/turn              y - ring of protection from magic

@: confused
A: small, berserk 2, mutation resistance 1, poison resistance
a: Heroism, Finesse, Renounce Religion


You were on level 10 of the Dungeon.
You worshipped Okawaru.
Okawaru was extremely pleased with you.
You were not hungry.

You visited 2 branches of the dungeon, and saw 12 of its levels.

You collected 565 gold pieces.

Inventory:

Hand Weapons
 a - a +1 fustibalus (weapon)
 b - a +2 dagger of draining
 x - a +2 hand axe of flaming
 A - a +2 hunting sling
Missiles
 d - 47 sling bullets (quivered)
 e - 404 stones
 u - 10 boomerangs
 E - a throwing net
Armour
 o - a +0 cloak (worn)
 t - a +1 pair of gloves (worn)
 H - the +0 ring mail "Nualuip" (worn) {rPois rF+ Int-5 Stlth+}
   (You found it on level 5 of the Dungeon)

   It affects your intelligence (-5).
   It protects you from fire.
   It protects you from poison.
   It makes you more stealthy.
Jewellery
 l - an uncursed ring of flight
 n - an uncursed ring of ice
 y - a ring of protection from magic (right hand)
 I - a +3 ring of strength (left hand)
Wands
 g - a wand of enslavement (9)
 D - a wand of flame (54)
 F - a wand of polymorph (10)
Scrolls
 h - 4 scrolls of remove curse
 i - a scroll of blinking
 j - a scroll of enchant weapon
 m - 2 scrolls of amnesia
 p - 6 scrolls of teleportation
 q - 5 scrolls of identify
 w - 2 scrolls of enchant armour
 C - a scroll of fear
 L - a scroll of immolation {unknown}
Potions
 c - 2 potions of agility
 k - a potion of lignification
 r - a potion of mutation
 z - 2 potions of haste
 B - a potion of brilliance
 G - 5 potions of curing
 J - a potion of berserk rage {unknown}
 K - a potion of might {unknown}
Comestibles
 f - 14 rations


   Skills:
 + Level 10.4 Fighting
 - Level 12.0 Slings
 + Level 12.2 Dodging
 - Level 1.1 Stealth


You had 10 spell levels left.
You didn't know any spells.
Your spell library contained the following spells:

 Spells                   Type           Power        Failure   Level  Hunger
 Summon Small Mammal      Summ           #...         73%         1    ##.....
 Summon Guardian Golem    Hex/Summ       #.......     97%         3    ####...
 Cause Fear               Hex            #.........   100%        4    #####..
 Summon Ice Beast         Ice/Summ       #.......     100%        4    #####..
 Silence                  Hex/Air        #.........   100%        5    ######.
 Summon Demon             Summ           #.........   100%        5    ######.
 Summon Mana Viper        Hex/Summ       #.......     100%        5    ######.
 Yara's Violent Unravell  Hex/Tmut       #.........   100%        5    ######.
 Deflect Missiles         Chrm/Air       #.........   100%        6    #######
 Discord                  Hex            #.........   100%        8    #######


Dungeon Overview and Level Annotations

Branches:
Dungeon (11/15)            Temple (1/1) D:5            Lair (0/6) D:10
    Orc (0/2) D:10

Altars:
Ashenzari
Cheibriados
Dithmenos
Elyvilon
Fedhas
Gozag
Hepliaklqana
Kikubaaqudgha
Makhleb
Nemelex Xobeh
Okawaru
Qazlal
Ru
Sif Muna
Trog
Uskayaw
Vehumet
Wu Jian
Xom
Yredelemnul
Zin
The Shining One
Beogh

Annotations:
D:9 2 transporters


Innate Abilities, Weirdness & Mutations

You are small and have problems with some larger weapons.
You are somewhat resistant to further mutation.
You often lose your temper in combat.
Your system is resistant to poisons. (rPois)


Message History

Evoke which item? (* to show all) (? for menu, Esc to quit)
Aiming: Throw Flame
Press: ? - help, Shift-Dir - straight line, f/p - vampire
Aim: a vampire (moderately damaged)
The puff of flame hits the vampire.
The vampire is heavily damaged.
The vampire misses you. The vampire closely misses you.
Evoke which item? (* to show all) (? for menu, Esc to quit)
Aiming: Throw Flame
Press: ? - help, Shift-Dir - straight line, f/p - vampire
Aim: a vampire (heavily damaged)
The puff of flame hits the vampire but does no damage.
The vampire is heavily damaged.
The vampire gestures wildly while chanting.
The vampire flickers and vanishes!
Deactivating autopickup; reactivate with Ctrl-A.
You are confused.
You feel invigorated. Something hits you but does no damage.
Something bites you.
You die...

..######'##......#..######.#..#
.................#.......###..###
#######..........#...............
#..........P♣....#...............
.......P......♣###...............
....P.....♣.....(......[.........
........P........................
...P..♣....♣P...{#.>.............
..♣.......PP.P..@#......#'###....
#'.....P.>P..P...#......#...#....
.....P.......P...#......#...#....
...P.P....PP...(........#...#...#
##.P..P.P..P............#...#...#
.#...PP........P........#...#...#
.#.....P................#...#...#
.#.........P..##'#......#...#...#
.#####..P.P.#..[.#......###'#...#


There were no monsters in sight!

Vanquished Creatures
  A two-headed ogre (D:8)
  Joseph (D:10)
  3 hippogriffs
  A spriggan (D:10)
  A wyvern (D:8)
  15 yaks
  A hungry ghost (D:10)
  A water moccasin (D:8)
  3 porcupines (D:10)
  7 orc warriors
  2 sky beasts
  2 ice beasts
  3 ogres
  A necrophage (D:9)
  2 centaurs
  2 crocodiles
  Blork the orc (D:6)
  A big kobold (D:8)
  4 bullfrogs
  A water moccasin zombie (D:6)
  6 scorpions
  A wyvern skeleton (D:7)
  11 killer bees
  A centaur zombie (D:7)
  A howler monkey (D:3)
  6 crimson imps
  2 hounds
  4 bullfrog zombies
  A bullfrog skeleton (D:9)
  3 jellies
  13 orc wizards
  4 orc priests
  2 centaur skeletons
  A gnoll shaman (D:6)
  Ijyb (D:4)
  2 iguanas
  6 worker ants
  2 hound zombies (D:6)
  2 hound skeletons
  2 worker ant zombies
  18 gnolls
  12 adders
  2 shadow imps
  2 oozes
  An adder skeleton (D:9)
  2 adder zombies
  4 worms
  3 dart slugs
  8 leopard geckos
  49 orcs
  4 giant cockroaches
  5 hobgoblins
  5 jackals
  5 quokkas
  A ball python (D:4)
  5 bats
  2 frilled lizards
  15 goblins
  A jackal skeleton (D:5)
  A jackal zombie (D:6)
  13 kobolds
  A leopard gecko skeleton (D:5)
  A quokka zombie (D:6)
  8 rats
  A plant (D:10)
293 creatures vanquished.

Notes
Turn   | Place    | Note
-------+----------+-------------------------------------------
     0 | D:1      | Kohma the Halfling Hunter began the quest for the Orb.
     0 | D:1      | Reached XP level 1. HP: 14/14 MP: 1/1
   134 | D:1      | Reached XP level 2. HP: 19/19 MP: 2/2
   348 | D:1      | Reached XP level 3. HP: 24/24 MP: 3/3
   830 | D:2      | Reached XP level 4. HP: 29/29 MP: 4/4
  1490 | D:3      | Reached XP level 5. HP: 35/35 MP: 5/5
  1727 | D:3      | Reached XP level 6. HP: 30/42 MP: 6/6
  2093 | D:3      | Found an opulent altar of Gozag.
  2096 | D:3      | Found a hide-covered altar of Uskayaw.
  2101 | D:3      | Found an iron altar of Okawaru.
  2108 | D:3      | Found a stormy altar of Qazlal.
  2113 | D:3      | Became a worshipper of Warmaster Okawaru
  2489 | D:4      | Noticed Ijyb
  2503 | D:4      | Killed Ijyb
  2534 | D:4      | Gained mutation: You tend to lose your temper in combat.
                  | [potion of mutation]
  2534 | D:4      | Gained mutation: Your system is resistant to poisons.
                  | (rPois) [potion of mutation]
  2534 | D:4      | Gained mutation: You often lose your temper in combat.
                  | [potion of mutation]
  2895 | D:4      | Reached XP level 7. HP: 46/46 MP: 7/7
  3365 | D:5      | Entered Level 5 of the Dungeon
  3566 | D:5      | Reached * piety under Okawaru
  3572 | D:5      | Reached skill level 10 in Slings
  3594 | D:5      | Reached XP level 8. HP: 43/54 MP: 8/8
  3646 | D:5      | Reached skill level 5 in Dodging
  3865 | D:5      | Found a staircase to the Ecumenical Temple.
  4014 | D:5      | Found a shimmering blue altar of Sif Muna.
  4215 | Temple   | Entered the Ecumenical Temple
  4627 | D:5      | Got a faintly glowing ring mail
  4718 | D:6      | Identified the +0 ring mail "Nualuip" {rPois rF+ Int-5
                  | Stlth+} (You found it on level 5 of the Dungeon)
  4939 | D:6      | Identified the Compendium of Creation
  4965 | D:6      | Found a burning altar of Makhleb.
  4965 | D:6      | Found a radiant altar of Vehumet.
  5081 | D:6      | Noticed Blork the orc
  5105 | D:6      | Killed Blork the orc
  5105 | D:6      | Reached ** piety under Okawaru
  5640 | D:6      | Reached skill level 5 in Fighting
  5640 | D:6      | Reached XP level 9. HP: 32/61 MP: 9/9
  6150 | D:6      | Found a hazy altar of Hepliaklqana.
  6700 | D:7      | Reached *** piety under Okawaru
  7069 | D:8      | Noticed a two-headed ogre
  7090 | D:8      | Killed a two-headed ogre
  7090 | D:8      | Reached **** piety under Okawaru
  7091 | D:8      | Reached XP level 10. HP: 31/71 MP: 10/10
  8119 | D:8      | Received a gift from Okawaru
  8458 | D:8      | Received a gift from Okawaru
  8832 | D:8      | Reached skill level 10 in Dodging
  9201 | D:9      | Reached ***** piety under Okawaru
  9359 | D:9      | Found a transporter.
  9372 | D:9      | Found a transporter.
  9415 | D:9      | Found a basalt altar of Yredelemnul.
  9419 | D:9      | Noticed a flayed ghost
  9426 | D:9      | Found an ancient bone altar of Kikubaaqudgha.
  9609 | D:10     | Entered Level 10 of the Dungeon
  9649 | D:10     | Received a gift from Okawaru
  9649 | D:10     | Reached XP level 11. HP: 70/80 MP: 11/11
  9689 | D:9      | HP: 2/80 [yak (12)]
 10035 | D:10     | Found a staircase to the Lair.
 10109 | D:10     | Received a gift from Okawaru
 10113 | D:10     | Got a jewelled scale mail {god gift}
 10124 | D:10     | Identified the +1 scale mail of Dyspraxia {rPois} (Okawaru
                  | gifted it to you on level 10 of the Dungeon)
 10527 | D:10     | Reached skill level 10 in Fighting
 10918 | D:10     | Found a staircase to the Orcish Mines.
 10938 | D:10     | Found a roughly hewn altar of Beogh.
 11011 | D:10     | Noticed Joseph
 12607 | D:10     | Found a staircase to the Orcish Mines.
 12613 | D:10     | Found a roughly hewn altar of Beogh.
 12688 | D:10     | Killed Joseph
 13014 | D:10     | HP: 1/82 [vampire (12)]
 13017 | D:10     | Slain by a vampire

Levels and vault maps discovered:
D:1:      eino_arrival_cavern_b, layout_rooms
D:2:      layout_basic
D:3:      layout_basic, minitemple, hex_tiny, kennysheep_small_spiral
D:4:      layout_basic, first_ration, uniq_ijyb
D:5:      layout_basic, lemuel_doored_altar, minmay_temple_entry_slanted
D:6:      layout_gridville, grunt_temple_overflow_lords_of_destruction,
          marbit_many_paths, serial_undead, serial_undead_b, serial_undead_d,
          serial_undead_e, serial_undead_d, serial_undead_a, uniq_blork_the_orc
D:7:      layout_loops_ring
D:8:      layout_loops_cross
D:9:      layout_rooms, gammafunk_temple_of_torment
D:10:     layout_irregular_city, minmay_lair_entry_grove,
          minmay_orc_entry_temple_small, the_bakery, uniq_joseph
D:11:     layout_basic, uniq_fannar
Temple:   minmay_temple_bridge_abc

Skill      XL: |  1  2  3  4  5  6  7  8  9 10 11 |
---------------+----------------------------------+-----
Slings         | 6 7 8 9 10 11 12 | 12.0
Fighting       | 2 3 4 5 7 9 10 | 10.4
Dodging        | 3 4 6 8 10 12 | 12.2
Stealth        | |  1.1

Action                   |  1- 3 |  4- 6 |  7- 9 | 10-12 || total
-------------------------+-------+-------+-------+-------++-------
Melee: Dagger            |       |       |    13 |   136 ||   149
 Fire: Hunting sling     |    75 |   228 |   279 |       ||   582
       Fustibalus        |       |       |   118 |   538 ||   656
Invok: Heroism           |       |       |       |     1 ||     1
Evoke: Wand              |       |       |     6 |     3 ||     9
  Use: Scroll            |     1 |       |     9 |     5 ||    15
       Potion            |       |     3 |       |     6 ||     9
  Eat: Chunk             |       |     5 |     6 |     7 ||    18
       Ration            |       |       |     2 |     4 ||     6
Armor: Leather armour    |     4 |     5 |       |       ||     9
       Ring mail         |       |    14 |    49 |    58 ||   121
       Skin              |       |       |       |    64 ||    64
Dodge: Dodged            |     6 |    61 |   136 |   385 ||   588

Table legend:
 A = Non-vault XP
 B = Vault XP
 C = Vault XP percentage of total XP
 D = Non-vault monster count
 E = Vault monster count
 F = Vault count percentage of total count
                 A         B        C        D         E       F
            +---------+---------+-------+---------+---------+-------
      Total |    9957 |    3414 |  25.5 |     253 |      39 |  13.4
            +---------+---------+-------+---------+---------+-------
        D:1 |      36 |       0 |   0.0 |      21 |       0 |   0.0
        D:2 |      71 |       0 |   0.0 |      22 |       0 |   0.0
        D:3 |     216 |       0 |   0.0 |      30 |       0 |   0.0
        D:4 |     258 |      38 |  12.8 |      16 |       1 |   5.9
        D:5 |     537 |       0 |   0.0 |      23 |       0 |   0.0
        D:6 |     693 |     395 |  36.3 |      28 |      12 |  30.0
        D:7 |     650 |       0 |   0.0 |      16 |       0 |   0.0
        D:8 |    3402 |       0 |   0.0 |      37 |       0 |   0.0
        D:9 |    1190 |     706 |  37.2 |      30 |       4 |  11.8
       D:10 |    2904 |    2275 |  43.9 |      30 |      22 |  42.3
            +---------+---------+-------+---------+---------+-------
